Cogmind - Beta 15 @@@ ROGUE MODE // 2025.08.05 @ 10:44:46 Player: shapeshifter Result: Destroyed by S-27 Virus with Autogun Performance ------------- Evolutions (4) 2000 Regions Visited (6) 1200 Robots Destroyed (0) 0 Value Destroyed (0) 0 Prototype IDs (0) 0 Alien Tech Used (0) 0 Bonus (1825) 1825 TOTAL SCORE: 5025 Bonus ------- Pacifist 1325 Entered DSFs 500 Cogmind --------- Core Integrity 0/850 Matter 300/300 Energy 98/100 System Corruption 1% Temperature Cool (0) Movement Core (50) Location -6/Factory Parts ------- > --- POWER (2) -------- (None) > --- PROPULSION (8) --- (None) > --- UTILITY (3) ------ (None) > --- WEAPON (2) ------- (None) > --- INVENTORY (5) ---- Micro Nuclear Core Small Storage Unit Improved Sensor Array ECM Suite Advanced ECM Suite Peak State ------------ > --- POWER ------------ (None) > --- PROPULSION ------- VTOL Module VTOL Module > --- UTILITY ---------- (None) > --- WEAPON ----------- (None) > --- INVENTORY -------- Micro Nuclear Core Small Storage Unit Improved Sensor Array ECM Suite Advanced ECM Suite [Rating: 5] Favorites ----------- Power Light Ion Engine Engine Light Ion Engine Propulsion Flight Unit Flight Unit Flight Unit Utility Seismic Detector Device Seismic Detector Weapon None Build | -11 -10 -9 -8 -7 -7 -6 ------- Run | Yrd Mat Mat Mat Fac DSF Fac Slots Evolved 8 | . . 2 2 2 . 2 Power 1 | . . . 1 . . . Propulsion 6 | . . 2 . 2 . 2 Utility 1 | . . . 1 . . . Weapon . | . . . . . . . Parts Attached 5 | . 1 1 1 . . 2 Power 1 | . . . 1 . . . Engine 1 | . . . 1 . . . Core . | . . . . . . . Reactor . | . . . . . . . Propulsion 3 | . . 1 . . . 2 Treads . | . . . . . . . Leg . | . . . . . . . Wheel . | . . . . . . . Hover . | . . . . . . . Flight 3 | . . 1 . . . 2 Utility 1 | . 1 . . . . . Device 1 | . 1 . . . . . Storage . | . . . . . . . Processor . | . . . . . . . Hackware . | . . . . . . . Protection . | . . . . . . . Artifact . | . . . . . . . Weapon . | . . . . . . . Energy Gun . | . . . . . . . Energy Cannon . | . . . . . . . Ballistic Gun . | . . . . . . . Ballistic Cannon . | . . . . . . . Launcher . | . . . . . . . Special Weapon . | . . . . . . . Impact Weapon . | . . . . . . . Slashing Weapon . | . . . . . . . Piercing Weapon . | . . . . . . . Special Melee Weapon . | . . . . . . . Unidentified Prototypes . | . . . . . . . Parts Lost 5 | . . . 1 2 . 2 Power 1 | . . . . 1 . . Propulsion 3 | . . . . 1 . 2 Utility 1 | . . . 1 . . . Weapon . | . . . . . . . Highest Loss Streak 2 | . . . 1 2 . 2 To Critical Strikes . | . . . . . . . Average Backups 4 | 1 3 4 4 4 4 5 Power 1 | 1 2 2 1 1 1 1 Propulsion . | . . . . . . . Utility 2 | . 1 2 2 3 3 4 Weapon . | . . . . . . . Tool/Special . | . . . . . . . Unused Backups 7 | . . . . 2 . 5 Power 2 | . . . . 1 . 1 Propulsion . | . . . . . . . Utility 5 | . . . . 1 . 4 Weapon . | . . . . . . . Tool/Special . | . . . . . . . Average Slot Usage (%) 9 | . 4 13 18 10 . 1 Engine 1 | . . . . 4 . . Flight 3 | . . 2 9 4 . 1 Device 4 | . 4 11 9 . . . Peak Build Rating 5 | . 1 2 4 3 1 5 Average Rating 1 | . . 1 2 2 1 1 On Entrance 1 | . . 1 2 3 1 1 Naked Turns 190 | . 32 . . 43 36 79 Heaviest Build 4 | . 1 1 4 3 . . Greatest Support 8 | 3 3 4 4 4 3 8 Greatest Overweight (x) . | . . . . . . . Average Overweight (x) . | . . . . . . . Largest Inventory Capacity 5 | 5 5 5 5 5 5 5 Average Capacity 5 | 5 5 5 5 5 5 5 Most Carried 5 | 3 4 5 5 5 5 5 Average Carried 4 | 2 3 4 4 4 4 5 Final Capacity 5 | 5 5 5 5 5 5 5 Final Carried 5 | 3 4 4 5 4 5 5 Class Distribution -------------------- 100% | Mutant Dominant Class ---------------- Mutant | -10/Materials Mutant | -9/Materials Mutant | -8/Materials Mutant | -7/Factory Mutant | -7/DSF Mutant | -6/Factory Resources | -11 -10 -9 -8 -7 -7 -6 ----------- Run | Yrd Mat Mat Mat Fac DSF Fac Matter Collected 230 | 200 . 10 . . . 20 Remotely . | . . . . . . . Salvage Created . | . . . . . . . Parts . | . . . . . . . Haulers Intercepted . | . . . . . . . Recyclers Shooed . | . . . . . . . Parts Field Recycled . | . . . . . . . Retrieved Matter . | . . . . . . . Parts Self-Destructed . | . . . . . . . Prevented . | . . . . . . . Kills | -11 -10 -9 -8 -7 -7 -6 ------- Run | Yrd Mat Mat Mat Fac DSF Fac Combat Hostiles Destroyed . | . . . . . . . Classes Destroyed . | . . . . . . . Best Kill Streak . | . . . . . . . Combat Bots Only . | . . . . . . . Max Kills in Single Turn . | . . . . . . . Gunslinging . | . . . . . . . Exploded . | . . . . . . . Melee . | . . . . . . . Uniques/NPCs Destroyed . | . . . . . . . Combat | -11 -10 -9 -8 -7 -7 -6 -------- Run | Yrd Mat Mat Mat Fac DSF Fac Hostile Shots Fired 195 | . 13 72 16 . 1 93 Missed 89 | . 4 36 8 . . 41 Hits 106 | . 9 36 8 . 1 52 Melee 11 | . . . . . . 11 Projectile 95 | . 9 36 8 . 1 41 AOE 3 | . . . . . . 3 Critical Strikes 5 | . . 1 . . . 4 Damage Taken 1516 | . 119 311 72 80 40 894 Core 1390 | . 116 288 43 52 40 851 Absorbed by Shields . | . . . . . . . Core Remaining (%) 71 | 100 53 28 92 . 86 . Volleys Fired . | . . . . . . . Largest . | . . . . . . . Hottest . | . . . . . . . Shots Fired . | . . . . . . . Gun . | . . . . . . . Cannon . | . . . . . . . Launcher . | . . . . . . . Special . | . . . . . . . Kinetic . | . . . . . . . Thermal . | . . . . . . . Explosive . | . . . . . . . Electromagnetic . | . . . . . . . Robot Hit Streak . | . . . . . . . Robot Miss Streak . | . . . . . . . Penetration Max . | . . . . . . . Secondary Targets . | . . . . . . . Shots Hit Robots . | . . . . . . . Core Hits . | . . . . . . . Critical Kills . | . . . . . . . Critical Parts Destroyed . | . . . . . . . Critical Strikes . | . . . . . . . Melee Attacks . | . . . . . . . Impact . | . . . . . . . Slashing . | . . . . . . . Piercing . | . . . . . . . Sneak Attacks . | . . . . . . . Combat Hostiles . | . . . . . . . Follow-up Attacks . | . . . . . . . Damage Inflicted 30 | . 11 6 . . . 13 Guns . | . . . . . . . Cannons . | . . . . . . . Explosions . | . . . . . . . Melee . | . . . . . . . Ramming 30 | . 11 6 . . . 13 Kinetic . | . . . . . . . Thermal . | . . . . . . . Explosive . | . . . . . . . Electromagnetic . | . . . . . . . Impact . | . . . . . . . Slashing . | . . . . . . . Piercing . | . . . . . . . Highest Corruption 1 | . . . . . . 1 Average Corruption 1 | . . . . . . 1 Corruption Purged . | . . . . . . . Corruption Blocked . | . . . . . . . Overload Shots . | . . . . . . . Overflow Damage . | . . . . . . . Projectiles . | . . . . . . . Explosions . | . . . . . . . Melee . | . . . . . . . Knockbacks . | . . . . . . . Impact . | . . . . . . . Kinetic . | . . . . . . . Secondary . | . . . . . . . Self-Inflicted Damage 14 | . 5 3 . . . 6 Shots . | . . . . . . . Rammed 7 | . 3 2 . . . 2 Targets Rammed 7 | . 3 2 . . . 2 Kicked . | . . . . . . . Crushed . | . . . . . . . Highest Temperature . | . . . . . . . Average Temperature . | . . . . . . . Received Heat Transfer 126 | . 63 36 9 . . 18 Siege Activations . | . . . . . . . Martial Activations . | . . . . . . . Shielding Activations . | . . . . . . . Robots Disrupted . | . . . . . . . Combat Hostiles . | . . . . . . . Robots Corrupted . | . . . . . . . Combat Hostiles . | . . . . . . . Parts Fried . | . . . . . . . Impact Corruptions . | . . . . . . . Robots Melted . | . . . . . . . Combat Hostiles . | . . . . . . . Parts Melted . | . . . . . . . Heat Transferred . | . . . . . . . Parts Sabotaged . | . . . . . . . Parts Stolen . | . . . . . . . Parts Stripped . | . . . . . . . Power Chain Reactions . | . . . . . . . Alert | -11 -10 -9 -8 -7 -7 -6 ------- Run | Yrd Mat Mat Mat Fac DSF Fac Maximum Alert Level . | . . . . . . . Low Security (%) 100 | 100 100 100 100 100 100 100 Level 1 . | . . . . . . . Level 2 . | . . . . . . . Level 3 . | . . . . . . . Level 4 . | . . . . . . . Level 5 . | . . . . . . . High Security . | . . . . . . . Max Security . | . . . . . . . Peak Influence 40 | . 30 17 40 9 18 23 Initial 9 | . . 8 . 9 3 9 Average 7 | . 10 5 15 1 4 8 Influence Increases 176 | . 30 19 75 5 15 32 Successful Hack 26 | . . 4 . 5 . 17 Partial Spotted 15 | . . . 15 . . . Lose Combat Pursuer 135 | . 30 15 60 . 15 15 Influence Decreases 158 | . 10 39 55 20 2 32 Entered New Map 34 | . . 12 . 11 2 9 Time Decay 114 | . 10 27 45 9 . 23 Lost Part 10 | . . . 10 . . . Squads Dispatched 8 | . 1 . 5 . . 2 Investigation 3 | . 1 . 1 . . 1 Extermination . | . . . . . . . Reinforcement 5 | . . . 4 . . 1 Assault . | . . . . . . . Garrison . | . . . . . . . Intercept . | . . . . . . . Searches Triggered . | . . . . . . . Construction Impeded . | . . . . . . . Haulers Reinforced . | . . . . . . . Active Scanning Responses . | . . . . . . . Cargo Convoy Interrupts . | . . . . . . . Stealth | -11 -10 -9 -8 -7 -7 -6 --------- Run | Yrd Mat Mat Mat Fac DSF Fac Distress Signals 3 | . . 1 2 . . . Communications Jammed . | . . . . . . . Distress Signals . | . . . . . . . Times Spotted 49 | . 7 16 13 . 1 12 Peak Tracking Total 14 | . 5 14 10 . 1 9 Tactical Retreats 6 | . 1 1 2 . 1 1 Traps | -11 -10 -9 -8 -7 -7 -6 ------- Run | Yrd Mat Mat Mat Fac DSF Fac Traps Triggered 4 | . 1 . . 1 1 1 Indirectly . | . . . . . . . Trap Hack Attempts . | . . . . . . . Triggered . | . . . . . . . Disarmed . | . . . . . . . Reprogrammed . | . . . . . . . Reused . | . . . . . . . Traps Extracted . | . . . . . . . Installed 5 | . . . . . 5 . Triggered . | . . . . . . . Machines | -11 -10 -9 -8 -7 -7 -6 ---------- Run | Yrd Mat Mat Mat Fac DSF Fac Machines Disabled . | . . . . . . . Max in Single Turn . | . . . . . . . Garrison Access 1 | . . . . . . 1 Machines Repaired . | . . . . . . . Machines Dismantled . | . . . . . . . Machines Sabotaged . | . . . . . . . Overloaded Fab Kills . | . . . . . . . Hacking | -11 -10 -9 -8 -7 -7 -6 --------- Run | Yrd Mat Mat Mat Fac DSF Fac Machines Accessed 11 | . . 2 2 4 . 3 Terminals 9 | . . 2 2 3 . 2 Fabricators . | . . . . . . . Repair Stations . | . . . . . . . Recycling Units 1 | . . . . 1 . . Scanalyzers . | . . . . . . . Garrison Access 1 | . . . . . . 1 Total Hacks 24 | . . 4 5 7 . 8 Successful 10 | . . 2 2 2 . 4 Failed 14 | . . 2 3 5 . 4 Catastrophic 2 | . . . . . . 2 Database Lockouts . | . . . . . . . Manual 12 | . . 3 2 2 . 5 Terminals 21 | . . 4 5 5 . 7 Fabricators . | . . . . . . . Repair Stations . | . . . . . . . Recycling Units 2 | . . . . 2 . . Scanalyzers . | . . . . . . . Garrison Access 1 | . . . . . . 1 Terminal Hacks 6 | . . 1 2 1 . 2 Record 1 | . . . . . . 1 Open DSF 1 | . . . . 1 . . Emergency Access Points 2 | . . 1 . . . 1 Alert Level 1 | . . . 1 . . . Registered Components 1 | . . . 1 . . . Fabricator Hacks . | . . . . . . . Repair Station Hacks . | . . . . . . . Recycling Unit Hacks 1 | . . . . 1 . . Report Inventory 1 | . . . . 1 . . Scanalyzer . | . . . . . . . Garrison Access Hacks 1 | . . . . . . 1 Seal Access 1 | . . . . . . 1 Unauthorized Hacks 2 | . . 1 . . . 1 Terminals 2 | . . 1 . . . 1 Botnet 2 | . . 1 . . . 1 Fabricators . | . . . . . . . Repair Stations . | . . . . . . . Recycling Units . | . . . . . . . Scanalyzers . | . . . . . . . Garrison Access . | . . . . . . . Data Cores Recovered . | . . . . . . . Used . | . . . . . . . Hacking Detections 9 | . . 2 2 3 . 2 Full Trace Events 2 | . . . 1 . . 1 Feedback Events . | . . . . . . . Feedback Blocked . | . . . . . . . Robot Schematics Acquired . | . . . . . . . Robots Built . | . . . . . . . Authchips . | . . . . . . . Time . | . . . . . . . Total Robot Build Rating . | . . . . . . . Part Schematics Acquired . | . . . . . . . Parts Built . | . . . . . . . Authchips . | . . . . . . . Time . | . . . . . . . Total Part Build Rating . | . . . . . . . Parts Repaired . | . . . . . . . Time . | . . . . . . . Parts Recycled . | . . . . . . . Recycled Matter . | . . . . . . . Retrieved Matter . | . . . . . . . Retrieved Components . | . . . . . . . Parts Scanalyzed . | . . . . . . . Part Schematics Acquired . | . . . . . . . Parts Damaged . | . . . . . . . Bothacking | -11 -10 -9 -8 -7 -7 -6 ------------ Run | Yrd Mat Mat Mat Fac DSF Fac Used RIF Installer . | . . . . . . . Robots Hacked . | . . . . . . . Non-combat . | . . . . . . . Combat . | . . . . . . . Robot Hacks Applied . | . . . . . . . Relay Couplers Released . | . . . . . . . Fabnet Peak Effective % . | . . . . . . . Robots Rewired . | . . . . . . . Allies Hacked . | . . . . . . . Hacks Repelled . | . . . . . . . Allies | -11 -10 -9 -8 -7 -7 -6 -------- Run | Yrd Mat Mat Mat Fac DSF Fac Total Allies . | . . . . . . . Largest Group . | . . . . . . . Highest-Rated Group . | . . . . . . . Highest-Rated Ally . | . . . . . . . Total Orders . | . . . . . . . Ally Attacks . | . . . . . . . Total Damage . | . . . . . . . Kills . | . . . . . . . Allies Corrupted . | . . . . . . . Allies Melted . | . . . . . . . Intel | -11 -10 -9 -8 -7 -7 -6 ------- Run | Yrd Mat Mat Mat Fac DSF Fac Active Infowar (turns) 200 | . 18 70 112 . . . Seismic 200 | . 18 70 112 . . . Robot Analysis Total . | . . . . . . . Derelict Logs Recovered . | . . . . . . . Drone Launches . | . . . . . . . Drone Recoveries . | . . . . . . . Exploration | -11 -10 -9 -8 -7 -7 -6 ------------- Run | Yrd Mat Mat Mat Fac DSF Fac Turns Passed 526 | 39 50 70 117 117 36 97 Spaces Moved 1106 | 71 88 140 287 266 59 195 Core 547 | 71 88 94 . 86 59 149 Treads . | . . . . . . . Legs . | . . . . . . . Wheels . | . . . . . . . Hover . | . . . . . . . Flight 559 | . . 46 287 180 . 46 Fastest Speed 32 | 50 50 40 40 40 50 32 Average Speed 44 | 50 50 46 40 43 50 46 Slowest Speed 50 | 50 50 50 40 50 50 50 Overloaded Moves . | . . . . . . . Propulsion Burnouts . | . . . . . . . Robots Hopped 8 | . . . 5 1 . 2 Potential Cave-ins . | . . . . . . . Cave-ins Triggered . | . . . . . . . Exploration Rate (%) 20 | 4 25 18 36 7 46 8 Regions Visited 6 Branch Regions . Pre-discovered Areas . | . . . . . . . Known Exits Taken 1 | . . . . 1 . . Unknown Exits Taken 4 | 1 1 1 1 . . . Scrap Searched . | . . . . . . . Spaces Dug . | . . . . . . . Terrain Destroyed . | . . . . . . . Melee . | . . . . . . . Projectile . | . . . . . . . AOE . | . . . . . . . Terrain Rammed . | . . . . . . . Walls Destroyed . | . . . . . . . Machines Disabled . | . . . . . . . Actions | -11 -10 -9 -8 -7 -7 -6 --------- Run | Yrd Mat Mat Mat Fac DSF Fac Total 1123 | 73 93 143 284 267 64 199 Wait 2 | . . . . . . 2 Move 1087 | 70 87 139 279 263 58 191 Hop 5 | . . . 2 1 . 2 Pick Up 10 | 3 2 1 2 1 1 . Fast Attach 2 | . . . . . . 2 Attach 3 | . 1 1 1 . . . Detach . | . . . . . . . Swap . | . . . . . . . Drop 2 | . . . . 2 . . Fire . | . . . . . . . Melee . | . . . . . . . Ram 7 | . 3 2 . . . 2 Kick . | . . . . . . . Crush . | . . . . . . . Escape Stasis . | . . . . . . . Rewire . | . . . . . . . Trap 5 | . . . . . 5 . Miscellaneous . | . . . . . . . Route ------- -11/Scrapyard -10/Materials -9/Materials -8/Materials -7/Factory -7/DSF -6/Factory History --------- Turn | Location | Event 17 | -11/Scrapyard | Discovered new exit (range 15) 40 | -11/Scrapyard | Entered Materials 83 | -10/Materials | Discovered new exit (range 14) 90 | -10/Materials | Entered another Materials area 90 | -9/Materials | Evolved 2 slots: Propulsion x2 146 | -9/Materials | Core integrity fell below 50% 156 | -9/Materials | Discovered new exit (range 10) 160 | -9/Materials | Entered another Materials area 160 | -8/Materials | Evolved 2 slots: Power x1, Utility x1 272 | -8/Materials | Discovered new exit (range 16) 277 | -8/Materials | Entered Factory 277 | -7/Factory | Evolved 2 slots: Propulsion x2 306 | -7/Factory | Build established: Mutant 394 | -7/Factory | Identified exit to DSF 394 | -7/Factory | Entered DSF 409 | -7/DSF | Discovered new exit (range 15) 429 | -7/DSF | Additional patrols routed to DSF 430 | -7/DSF | Entered Factory 430 | -6/Factory | Evolved 2 slots: Propulsion x2 508 | -6/Factory | Core integrity fell below 50% 523 | -6/Factory | Core integrity fell below 20% 527 | -6/Factory | Destroyed by S-27 Virus with Autogun Last Messages --------------- 00506_ U-05 Engineer lays Concrete. 00510_ Knocked back. 00510_ C-17 Slicer knocked back. 00517_ Connecting with Terminal... >>Query(Beamcaster) The Beamcaster appears to be a significantly modified heavy laser, but with capabilities more comparable to the common plasma rifle. Its beam retains its full strength even at up to 50% greater distance than most similar energy weapons, and is one of the most reliable of the known [Derelict] component designs. >>Access(Emergency) Found 2 emergency access doors: (127,162) (130,162) Map updated. 00517_ ALERT: Suspicious activity at Terminal F021. Dispatching Investigation squad. Map ----- +----------------------------------------------------+ | ?????????????????????????????????????????????????? | | ?????????????????????????????????????????????????? | | ?????????????????????????????????????????????????? | | ?????????????????????????????????????????????????? | | ?????????????????????????????????????????????????? | | ?????????????????????????????????????????????????? | | ?????????????????????????????????????????????????? | | ?????????????????????????????????????????????????? | | ?????????????????????????????????????????????????? | | ?????????????????????????????????????????????????? | | ?????????????????????????????????????????????????? | | ?????????????????????????????????????????????????? | | ?????????????????????????????????????????????????? | | ?????????????????????????????????????????????????? | | ??????????????????????????????????????????#+#+#### | | ??????????????????????????????????????????# | | ????????????????????????????????????????### | | ????????????????????????????????????????? | | ??????????????????????????????????????????# | | ??????????????????????????????????????????# | | ??????????????????????????????????????????# | | ???????????#+###################+########## | | ??????????? | | ?????????? | | ?????????? | | ?????????? @c """"""" | | ?????????? m A """"""" | | ?????????????#####+########## s """"""" ## | | ????????????????????????????# """"""" T# | | ????????????????????????????# s ## | | ??????????????????????"" #### #? | | ?????????????????????""" " #? | | ??????????????????? #### #? | | ?????????????????? ????????# * #? | | ????????????????????????????##########+##########? | | ???????????????????????????????????? ????????? | | ?????????????????????????????????? ??????? | | ????????????????????????????????# """" """" ????? | | ????????????????????????????????# """" """" #???? | | ????????????????????????????????# """" """" #???? | | ????????????????????????????????# """" """" #???? | | ????????????????????????????????# ?? ???????? | | ????????????????????????????????#?????? ""???????? | | ??????????????????????????????????????? ""???????? | | ??????????????????????????????????????? "????????? | | ??????????????????????????????????????? "????????? | | ???????????????????????????????????????? ????????? | | ????????????????????????????????????????#????????? | | ?????????????????????????????????????????????????? | | ?????????????????????????????????????????????????? | +----------------------------------------------------+ Best States ------------- Heat Dissipation 37 Energy Generation 10 Energy Capacity 125 Matter Stores 300 Matter Capacity 300 Sight Range 16 Terrain Scan Density 10 Evasion (%) 63 Item Schematics ----------------- None Robot Schematics ------------------ None Fabricated ------------ Nothing Repaired ---------- Nothing Alien Tech Used ----------------- None Achievements -------------- None Challenges ------------ None Game ------ Seed StructuralHeavyWell Manual? 0 Play Time 00:18:31 Cumulative 101.5 hours Start 2025.08.05 @ 10:25:52 End 2025.08.05 @ 10:44:46 Sessions 3 Manual Loads 0 Difficulty Rogue Special Mode None Game No. 182 Rogue 182 Adventurer 0 Explorer 0 Win Type - Total 1 Types 1/0/0/0/0/0/0/0/0/0 Lore% 65 Gallery% 59 Achievement% 43 Wizard Run 0 Options --------- Layout 1 ASCII 0 Keyboard 0 Movement Mouse Keybinds 0 Fullscreen 1 Font 24/Smallcaps Map View 50x35 Zoom Use 0% Tactical HUD 1 Map Filters NONE Filters NONE Steam 1 RUN: 5f16cb8a-9e45-452a-a28e-78a50bdda784